 Dungeon Sprint DCSS version 0.30-a0-920-g7493c07aab (webtiles) character file.

Game seed: 10107306108351164465

10 dialectric the Sneak (level 2, -4/15 HPs)
             Began as a Spriggan Brigand on Mar 21, 2023.
             Slain by a merfolk siren
             ... wielding a +0 spear
              (17 damage)
             ... in the Dungeon (Sprint II: "The Violet Keep of Menkaure").
             The game lasted 00:00:45 (68 turns).

dialectric the Sneak (Spriggan Brigand)               Turns: 68, Time: 00:00:45

Health: -4/15      AC:  3    Str:  7    XL:     2   Next: 10%
Magic:  3/3        EV: 16    Int: 12    God:
Gold:   486        SH:  0    Dex: 16    Spells: 1/1 levels left

rFire   . . .      SeeInvis +    a - +2 dagger
rCold   . . .      Faith    .    (no shield)
rNeg    . . .      Spirit   .    b - +0 robe
rPois   .          Reflect  .    (helmet restricted)
rElec   .          Rampage  .    c - +0 cloak
rCorr   .          NoTele   +    (gloves unavailable)
Will    .....                    (boots unavailable)
Stlth   ++++                     (no amulet)
HPRegen 0.22/turn                (no ring)
MPRegen 0.08/turn                (no ring)

@: mesmerised, very quick
A: very small, no large weapons, unfitting armour, see invisible, speed 3
a: no special abilities


You were in the Dungeon.
You visited 1 branch You collected 486 gold pieces.

Inventory:

Hand Weapons
 a - a +2 dagger (weapon)
Missiles
 d - 9 poisoned darts (quivered)
Armour
 b - a +0 robe (worn)
 c - a +0 cloak (worn)
Scrolls
 k - a scroll of blinking
Potions
 f - a potion of curing
 g - a potion of heal wounds
 h - a potion of haste
 i - 2 potions of magic
 j - a potion of berserk rage


   Skills:
 + Level 1.8 Fighting
 + Level 2.7 Short Blades
 - Level 2.5 Throwing
 + Level 1.5 Dodging
 + Level 7.9 Stealth


You had one spell level left.
You didn't know any spells.
Your spell library was empty.

Dungeon Overview and Level Annotations

Branches:
Dungeon (1/1)

Altars:

Annotations:
D exclusion: orange crystal statue


Innate Abilities, Weirdness & Mutations

You are very small and have problems with some larger weapons.
You are too small for most types of armour.
You have supernaturally acute eyesight. (SInv)
You cover ground extremely quickly. (Speed+++)


Message History

The worm misses you.
You hit the worm.
The worm is severely wounded.
You hit the worm.
The worm is almost dead.
You kill the worm!
You have reached level 2!
A water moccasin comes into view.
There is an open door here.
There is an open door here.
You see here a worm corpse.
You open the door.
There is an open door here.
The merfolk siren shouts!
The merfolk siren chants a haunting song.
You are mesmerised by the merfolk siren!
You closely miss the merfolk siren.
Unknown command.
The merfolk siren chants its luring song.
You see here 243 gold pieces.
You now have 486 gold pieces (gained 243).
The merfolk siren chants its luring song.
You hit the merfolk siren.
The merfolk siren is lightly wounded.
The merfolk siren chants its luring song.
You are too mesmerised to rage.
You barely miss the merfolk siren.
The merfolk siren chants its luring song.
You hit the merfolk siren.
The merfolk siren is lightly wounded.
The merfolk siren chants its luring song.
You are too mesmerised to rage.
You hit the merfolk siren. You punch the merfolk siren.
The merfolk siren is lightly wounded.
The merfolk siren chants its luring song.
You hit the merfolk siren but do no damage.
The merfolk siren is lightly wounded.
The merfolk siren hits you with a +0 spear!
Ouch! That really hurt!
You die...

## ## ##.
.## .B B. ##
.#$ ##.###+#
#...##.###
+.#@'.<.+#
#.m.##†##.#
##.###'## 3#
#####..## #
#.##..#
#.#.## #'##
#~~~~~~~S~§§
#+++#+++#§§§


You could see a merfolk siren (mesmerising).

Vanquished Creatures
  3 worms (D)
3 creatures vanquished.

Notes
Turn   | Place    | Note
-------+----------+-------------------------------------------
     0 | D        | dialectric the Spriggan Brigand began the quest for the
                  | Orb.
     0 | D        | Reached XP level 1. HP: 10/10 MP: 2/2
     1 | D        | Noticed a merfolk siren
     4 | D        | Noticed a boulder beetle
     4 | D        | Noticed a boulder beetle
     7 | D        | Noticed a neqoxec
    22 | D        | Reached skill level 6 in Stealth
    32 | D        | Reached skill level 7 in Stealth
    41 | D        | Noticed an orange crystal statue
    51 | D        | Reached XP level 2. HP: 10/15 MP: 3/3
    51 | D        | Noticed a water moccasin
    68 | D        | Slain by a merfolk siren

Illustrated notes

Levels and vault maps discovered:
D:        the_violet_keep_of_menkaure [sprint2_stairs_cluster_1,
          sprint2_shoproom, sprint2_temple, sprint2_basic_supplies,
          sprint2_obstacle_4, sprint2_obstacle_1, sprint2_obstacle_5,
          sprint2_obstacle_3, sprint2_obstacle_2, sprint2_timed_cluster_1,
          sprint2_smallroom_cluster_1, sprint2_smallroom_final_cluster_1,
          sprint2_transparent_cluster_1, sprint2_second_timed_cluster_1,
          sprint2_sniper_area_1, sprint2_heavy_combat_area_1,
          sprint2_mutation_trap_area_1, sprint2_forest_area_1,
          sprint2_light_combat_area_1, sprint2_behind_water_1,
          sprint2_near_end_vault_1]

Skill      XL: |  1 |
---------------+----+-----
Stealth        | 7 |  7.9
Fighting       | |  1.8
Short Blades   | |  2.7
Throwing       | |  2.5
Dodging        | |  1.5

Action                     || total
---------------------------++-------
  Melee: Dagger            ||    16
         Punch             ||     1
  Throw: Dart              ||     8
  Dodge: Dodged            ||     3

Table legend: (Time is in decaauts)
 A = Elapsed time spent in this place.
 B = Non-inter-level travel time spent in this place.
 C = Inter-level travel time spent in this place.
 D = Time resting spent in this place.
 E = Time spent auto-exploring this place.
 F = Levels seen in this place.
 G = Mean time per level.
                   A        B        C        D        E       F      G
               +--------+--------+--------+--------+--------+-----+--------+
         Total |     52 |     52 |      0 |      0 |      0 |   1 |   52.0 |
       Dungeon |     52 |     52 |      0 |      0 |      0 |   1 |   52.0 |
               +--------+--------+--------+--------+--------+-----+--------+

Top non-repeatable levels by time:
       D: 52 daAuts
